AoeStats
← ✪ BlackJack

Glade

510601815Analyzed
1v1 RM · 17h ago on Oct 1, 2026· 34m 59s· 2 players
Game mode
Random Map
Map size
Tiny (2 player)
Population
200
Speed
Normal
Resources
Standard
Victory
Conquest
Starting age
Dark Age
Ending age
Imperial Age
RankedLock teamsTeams togetherTeam positionsShared explorationLock speedFull tech treeHidden civsTurbo modeCheats
Victory
Defeat
🇹🇷 Turks · Türkiye
1206
+18
🇺🇸 Bohemians · United States
1242
-18
✪ BlackJack
11:14 Feudal Age
15:19 Castle Age
16:42 Double-Bit Axe
20:18 Horse Collar
22:46 Heavy Plow
24:14 Wheelbarrow
29:42 Imperial Age
28:23 Hand Cart
28:02 Gold Mining
28:44 Bow Saw
29:56 Town Watch
30:42 Town Patrol
Medieval
9:13 Loom
11:44 Feudal Age
15:39 Castle Age
13:58 Double-Bit Axe
19:12 Fletching
22:29 Horse Collar
31:30 Imperial Age
34:26 Chemistry
Connection lost

Rejoining the realm…

Still unreachable

The connection could not be restored.

Session expired

The server has moved on; the page needs a fresh start.